 Dungeon Crawl Stone Soup version 0.22.1-1-ga44c0e5 (webtiles) character file.

3087 brandon the Destroyer (level 9, -3/51 HPs)
             Began as a Deep Elf Fire Elementalist on Oct 5, 2018.
             Was an Initiate of Vehumet.
             Slain by an orc wizard
             ... wielding a +0 dagger of electrocution
              (9 damage)
             ... on level 8 of the Dungeon.
             The game lasted 00:39:32 (12674 turns).

brandon the Destroyer (Deep Elf Fire Elementalist) Turns: 12674, Time: 00:39:32

Health: -3/51      AC:  4    Str:  5    XL:     9   Next: 59%
Magic:  1/23       EV: 13    Int: 27    God:    Vehumet [......]
Gold:   443        SH:  0    Dex: 15    Spells: 6/24 levels left

rFire    + . .     SeeInvis .   D - +3 falchion (freeze)
rCold    . . .     Gourm    .   (no shield)
rNeg     . . .     Faith    .   e - +1 robe of Free Will {rF+ Int+3} (curse)
rPois    .         Spirit   .   A - +0 helmet
rElec    .         Reflect  .   (no cloak)
rCorr    .         Harm     .   (no gloves)
MR       .....                  (no boots)
Stlth    ++........             (no amulet)
HPRegen  0.17/turn              (no ring)
MPRegen  0.18/turn              (no ring)

@: no status effects
A: no striking features
a: Renounce Religion


You were on level 8 of the Dungeon.
You worshipped Vehumet.
Vehumet was noncommittal.
You were not hungry.

You visited 2 branches of the dungeon, and saw 9 of its levels.
You also visited: Ossuary.

You collected 443 gold pieces.

Inventory:

Hand Weapons
 D - a +3 falchion of freezing (weapon)
Missiles
 b - 344 stones (quivered)
 G - 5 tomahawks of dispersal
Armour
 e - the cursed +1 robe of Free Will (worn) {rF+ Int+3}
   (You found it on level 4 of the Dungeon)

   It affects your intelligence (+3).
   It protects you from fire.
   It has a curse placed upon it.
 A - a +0 helmet (worn)
Jewellery
 H - an uncursed amulet of rage {unknown}
Wands
 i - a wand of digging (12)
 y - a wand of polymorph (13)
 C - a wand of disintegration (19)
Scrolls
 d - 3 scrolls of blinking
 h - 3 scrolls of amnesia
 l - 6 scrolls of remove curse
 n - 4 scrolls of enchant armour
 o - 3 scrolls of teleportation
 t - 2 scrolls of fear
 E - a scroll of enchant weapon
Potions
 f - a potion of mutation {unknown}
 j - 4 potions of haste
 k - 3 potions of brilliance
 m - 5 potions of agility {unknown}
 p - 3 potions of curing
 r - 2 potions of resistance
 s - a potion of magic {unknown}
 v - 2 potions of might {unknown}
 w - a potion of lignification {unknown}
 x - 2 potions of flight
 B - 4 potions of ambrosia {unknown}
 F - a potion of heal wounds {unknown}
Miscellaneous
 z - a phial of floods
Comestibles
 a - 2 chunks of flesh
 c - 7 rations


   Skills:
 + Level 3.6 Fighting
 - Level 2.4 Dodging
 - Level 2.4 Stealth
 + Level 8.4 Spellcasting
 * Level 9.2 Conjurations
 + Level 4.4 Summonings
 + Level 7.3 Fire Magic


You had 6 spell levels left.
You knew the following spells:

 Your Spells              Type           Power        Failure   Level  Hunger
a - Flame Tongue          Conj/Fire      #####        1%          1    None
b - Magic Dart            Conj           ####         1%          1    None
c - Conjure Flame         Conj/Fire      ######..     1%          3    None
d - Sticky Flame          Conj/Fire      ######..     1%          4    ##.....
e - Fireball              Conj/Fire      ######....   4%          5    ####...
f - Call Imp              Summ           #####...     1%          2    None
g - Blink                 Tloc           N/A          8%          2    None

Your spell library contained the following spells:

 Spells                   Type           Power        Failure   Level  Hunger
 Throw Flame              Conj/Fire      ######       1%          2    None
 Inner Flame              Hex/Fire       ####....     3%          3    None
 Mephitic Cloud           Conj/Pois/Air  ####....     4%          3    None
 Slow                     Hex            ##......     8%          2    None


Dungeon Overview and Level Annotations

Branches:
Dungeon (8/15)             Temple (1/1) D:7
   Lair: D:8-11

Altars:
Cheibriados
Dithmenos
Gozag
Hepliaklqana
Kikubaaqudgha
Makhleb
Nemelex Xobeh
Okawaru
Qazlal
Trog
Vehumet
Wu Jian
Xom
The Shining One

Annotations:
D:3 1 runed door, DapperDogman's ghost, amateur DsBe
D:7 Harold
D:8 Oddysee's ghost, novice CeHu


Message History

Casting: Blink (safe; 8% risk of failure)
Confirm with . or Enter, or press ? or * to list all spells.
A beastly little devil appears in a puff of flame.
You close the door, pushing everything out of the way.
Casting: Call Imp (safe; 1% risk of failure)
Confirm with . or Enter, or press ? or * to list all spells.
You don't have enough magic to cast that spell.
Casting: Call Imp (safe; 1% risk of failure)
Confirm with . or Enter, or press ? or * to list all spells.
You don't have enough magic to cast that spell.
You open the door.
Casting: Call Imp (safe; 1% risk of failure)
Confirm with . or Enter, or press ? or * to list all spells.
A beastly little devil appears in a puff of flame.
Something hits you but does no damage. Something hits you.
* * * LOW HITPOINT WARNING * * *
Something hits you.
* * * LOW HITPOINT WARNING * * *
You are electrocuted!
You die...

# #......#.. ##.####......#.#
.............#.#
##.##..ยง....##'## #...).......#
#.#... ###.........# ##.#.#.
####.........# ......
#.....)##..).# #####(#.#. ##
#......'.@5..# #....)....
.#######.....)##5...# #.......p[
.......#......##....# #./....hp[
.......#......##....####......<..
.......###.#######.....#.........
'#########.# #./...#......5c.
.........#.# #.....#.........
########.#.# #.....#####.#+#.
...........# #.....# #. .


You could see 2 friendly crimson imps.

Vanquished Creatures
  Pikel (D:8)
  A cyclops (D:6)
  A hippogriff (D:7)
  An orc warrior (D:8)
  2 slaves (D:8)
  A phantom (D:8)
  A black bear (D:3)
  A centaur (D:6)
  3 bullfrogs (D:6)
  A big kobold (D:6)
  4 water moccasin zombies (Ossuary)
  A howler monkey (D:5)
  2 crimson imps
  A bullfrog zombie (D:6)
  2 hounds
  A centaur zombie (D:7)
  2 orc wizards (D:6)
  An orc priest (D:5)
  Ijyb (D:3)
  3 iguanas
  3 worker ants
  6 big kobold zombies (Ossuary)
  A killer bee zombie (D:6)
  A hound zombie (D:5)
  A hound skeleton (D:6)
  3 mummies
  2 worker ant zombies (D:6)
  A howler monkey skeleton (D:5)
  A howler monkey zombie (D:5)
  14 adders
  3 gnolls (D:4)
  2 shadow imps
  9 adder zombies (Ossuary)
  2 adder skeletons (D:7)
  3 worms (D:2)
  3 leopard geckos
  23 orcs
  4 giant cockroaches
  2 gnoll zombies (Ossuary)
  15 goblins
  5 hobgoblins
  5 jackals
  13 kobolds
  4 quokkas
  A ball python (D:5)
  6 bats
  4 frilled lizards
  3 hobgoblin zombies (Ossuary)
  4 kobold zombies
  A leopard gecko zombie (D:7)
  2 orc zombies
  6 rats
184 creatures vanquished.

Vanquished Creatures (collateral kills)
  2 ogres
  3 crimson imps
  2 worker ants
  An orc wizard (D:5)
  A howler monkey zombie (D:5)
  A worker ant zombie (D:6)
  A gnoll (D:4)
  An ooze (D:5)
  An adder skeleton (D:7)
  4 orcs
  A ball python (D:4)
18 creatures vanquished.

Vanquished Creatures (others)
  A wizard (D:6)
  2 slaves (D:8)
  A big kobold zombie (Ossuary)
  An adder zombie (Ossuary)
  2 hobgoblin zombies (Ossuary)
7 creatures vanquished.

Grand Total: 209 creatures vanquished

Notes
Turn   | Place    | Note
-------+----------+-------------------------------------------
     0 | D:1      | brandon the Deep Elf Fire Elementalist began the quest for
                  | the Orb.
     0 | D:1      | Reached XP level 1. HP: 10/10 MP: 6/6
   504 | D:1      | Reached XP level 2. HP: 15/15 MP: 2/8
   704 | D:1      | Learned a level 2 spell: Throw Flame
   889 | D:2      | Reached skill level 2 in Conjurations
  1258 | D:2      | Reached XP level 3. HP: 19/19 MP: 5/10
  1690 | D:2      | Reached skill level 3 in Conjurations
  1690 | D:2      | Reached XP level 4. HP: 24/24 MP: 6/11
  2220 | D:2      | Learned a level 3 spell: Conjure Flame
  2225 | D:2      | Learned a level 4 spell: Sticky Flame
  2602 | D:3      | Found a runed door.
  2602 | D:3      | Noticed DapperDogman's ghost (amateur DsBe)
  3060 | D:3      | Reached XP level 5. HP: 28/28 MP: 10/13
  3169 | D:3      | Noticed a black bear
  3191 | D:3      | Killed a black bear
  3191 | D:3      | Reached skill level 4 in Conjurations
  3509 | D:3      | Noticed Ijyb
  3537 | D:3      | Killed Ijyb
  4074 | D:4      | Reached XP level 6. HP: 32/32 MP: 6/15
  4138 | D:4      | Reached skill level 5 in Spellcasting
  4307 | D:4      | Got a colourful robe
  4310 | D:4      | Found a sand-covered staircase.
  4316 | Ossuary  | Entered an ossuary
  4336 | Ossuary  | Identified the cursed +1 robe of Free Will {rF+ Int+3} (You
                  | found it on level 4 of the Dungeon)
  4540 | Ossuary  | Learned a level 5 spell: Fireball
  4546 | Ossuary  | Reached skill level 5 in Conjurations
  4546 | Ossuary  | Reached skill level 5 in Fire Magic
  5438 | Ossuary  | Reached XP level 7. HP: 19/37 MP: 7/17
  5857 | Ossuary  | Reached skill level 1 in Fighting
  5857 | Ossuary  | Reached skill level 6 in Conjurations
  5996 | D:4      | Learned a level 1 spell: Magic Dart
  5999 | D:4      | Learned a level 2 spell: Call Imp
  6747 | D:5      | Entered Level 5 of the Dungeon
  6891 | D:5      | Learned a level 2 spell: Blink
  7408 | D:5      | Reached skill level 1 in Summonings
  8152 | D:5      | Reached XP level 8. HP: 38/44 MP: 10/19
  8473 | D:6      | Noticed a cyclops
  8928 | D:6      | Killed a cyclops
  8928 | D:6      | Reached skill level 7 in Conjurations
  9132 | D:6      | Noticed a two-headed ogre
  9616 | D:6      | Reached skill level 8 in Conjurations
 10132 | D:6      | Reached XP level 9. HP: 43/49 MP: 11/22
 10511 | D:6      | Found a bloodstained altar of Trog.
 10513 | D:6      | Noticed a wizard
 10518 | D:6      | Killed a wizard
 10807 | D:7      | Noticed Harold
 11735 | D:7      | Found a bloodstained altar of Trog.
 11756 | D:7      | Found a staircase to the Ecumenical Temple.
 11763 | Temple   | Entered the Ecumenical Temple
 11948 | Temple   | Became a worshipper of Vehumet
 12257 | D:8      | Noticed Pikel
 12258 | D:8      | Noticed Oddysee's ghost (novice CeHu)
 12259 | D:8      | Killed Pikel
 12259 | D:8      | Reached skill level 9 in Conjurations
 12674 | D:8      | Slain by an orc wizard

Skill      XL: |  1  2  3  4  5  6  7  8  9 |
---------------+----------------------------+-----
Conjurations   | 2 3 4 5 6 8 9 |  9.2
Fire Magic     | 4 5 6 7 |  7.3
Spellcasting   | 4 5 6 7 8 |  8.4
Fighting       | 1 2 3 |  3.6
Summonings     | 1 3 4 |  4.4
Dodging        | |  2.4
Stealth        | |  2.4

Action                   |  1- 3 |  4- 6 |  7- 9 || total
-------------------------+-------+-------+-------++-------
Melee: Dagger            |    26 |    17 |     3 ||    46
       Falchion          |       |       |    22 ||    22
 Cast: Flame Tongue      |    29 |    76 |    99 ||   204
       Throw Flame       |    14 |    47 |     3 ||    64
       Sticky Flame      |       |    12 |    30 ||    42
       Conjure Flame     |       |     7 |    13 ||    20
       Fireball          |       |     1 |    14 ||    15
       Call Imp          |       |       |    84 ||    84
       Magic Dart        |       |       |   105 ||   105
       Blink             |       |       |     4 ||     4
  Use: Scroll            |       |     9 |    13 ||    22
 Stab: Sleeping          |       |     1 |       ||     1
  Eat: Chunk             |     3 |    10 |    11 ||    24
       Ration            |       |     1 |     5 ||     6
Armor: Robe              |     6 |     9 |    20 ||    35
Dodge: Dodged            |    30 |    36 |    78 ||   144
       Rpst.: Falchion   |       |       |    14 ||    14
